 Dungeon Crawl Stone Soup version 0.31-a0-986-g5e6e4ef867 (webtiles) character file.

Game seed: 3779638935736978710

25 avis the Changeling (level 2, 13/13 HPs)
             Began as a Felid Shapeshifter on Nov 13, 2023.
             Got out of the dungeon alive.
             The game lasted 00:06:49 (1005 turns).

avis the Changeling (Felid Shapeshifter)            Turns: 1005, Time: 00:06:49

Health: 13/13      AC:  1    Str: 10    XL:     2   Next: 82%
Magic:  3/3        EV: 17    Int: 11    God:
Gold:   42         SH:  0    Dex: 15    Spells: 1/1 levels left
                                        Lives:  0   Deaths: 1

rFire   . .          .
                       - Unarmed
rCold   . . .        (shield unavailable)
rNeg    . . .        (body armour unavailable)
rPois   .            (helmet unavailable)
rElec   .            (cloak unavailable)
rCorr   .            (gloves unavailable)
SInv    +            (boots unavailable)
Will    .....        (no amulet)
Stlth   +            (no ring)
HPRegen 0.22/turn    (no ring)
MPRegen 0.08/turn

%: no passive effects
@: beast-form, quick
A: beast (slay +2), very small, claws 1, fangs 3, see invisible, speed 1, shaggy
fur 1, stealthy paws, no weapons or thrown items, no armour, multi-lived
a: Begin Untransformation


You escaped.
You were a hulking beast.
You visited 1 branch of the dungeon, and saw 2 of its levels.

You collected 42 gold pieces.

Inventory:

Talismans
 b - a beast talisman
 c - a flux talisman
Scrolls
 e - 2 scrolls of revelation {unknown}
 f - 4 scrolls of identify {unknown}
 h - a scroll of enchant weapon {unknown}
 j - a scroll of fear {unknown}
 k - a scroll of vulnerability {unknown}
 l - a scroll of amnesia {unknown}
Potions
 a - a potion of lignification
 d - a potion of mutation {unknown}
 g - 2 potions of curing {unknown}
 i - a potion of invisibility {unknown}


   Skills:
 * Level 2.4 Fighting
 - Level 3.0 Dodging
 - Level 3.0 Unarmed Combat
 - Level 3.5 Shapeshifting


You had one spell level left.
You didn't know any spells.
Your spell library contained the following spells:

 Spells                   Type           Power      Damage    Failure   Level
 Magic Dart               Conj           0%         1d3       34%         1
 Searing Ray              Conj           0%         2d4       47%         2
 Wereblood                Tmut           0%         N/A       47%         2
 Fulminant Prism          Conj/Hex       0%         3d5       98%         4
 Irradiate                Conj/Tmut      0%         3d11      100%        5


Dungeon Overview and Level Annotations

Branches:
Dungeon (2/15)

Altars:

Annotations:
D:2 Natasha


Innate Abilities, Weirdness & Mutations

You are a hulking beast.
Your limbs bulge with bestial killing power. (Slay +2)
You have sharp claws.
You have razor-sharp teeth.
You have supernaturally acute eyesight. (SInv)
You cover ground quickly. (Speed+)
You are covered in fur. (AC +1)
Your paws help you pounce on unaware monsters.
You are incapable of wielding weapons or throwing items.
You cannot wear armour.
You gain extra lives every three experience levels.


Message History

There is a stone staircase leading up here.
The helpless endoplasm fails to defend itself.
You scratch the endoplasm.
The endoplasm is severely wounded.
The endoplasm hits you.
You scratch the endoplasm.
You kill the endoplasm!
You pick up a book of Conjurations and begin reading...
You add the spells Magic Dart, Searing Ray and Fulminant Prism to your library.
k - a scroll labelled OQOOSO CASILOTT You now have 42 gold pieces (gained 14).
Found a scroll labelled DOTHUVUTIGH.
Found a war axe.
l - a scroll labelled DOTHUVUTIGH
There is a stone staircase leading up here.
There is a stone staircase leading up here.
You climb upwards.
There is a stone staircase leading down here.
There is an open door here.
There is a stone staircase leading down here.
You climb downwards.
Natasha hisses angrily.
Natasha claws you!
Ouch! That really hurt!
There is a stone staircase leading up here.
Natasha mumbles some strange words.
You feel troubled. Natasha casts a spell at you. The magic dart hits you.
You stop ascending the stairs.
You die...
Your shape twists and changes as you die.
You rejoin the land of the living...
Unknown command.
There is a stone staircase leading up here.
You climb upwards.
There is a stone staircase leading down here.
There is an open door here.
There is an open door here.
There is a staircase leading out of the dungeon here.
You have escaped!

#........##.......# #.......
#........##.......# #####.##
##.########.......# ##.##
#.#######################....
#.......................#....
#....#####......####.........
#...#.......####....#..#.....
#....##....#......##..###....
#..#...#....h.#..#...## #....
######..##..#####.#.#.####
#.... #....##..##.......#...#
#....
#....###..###.#...#.####
#.(..
#....####.###.#...#....#
#....
#...........#..#.#...#.##
#####
#.........#..#..#....#..#
#.........##..#.....###.#
#..................####'####


There were no monsters in sight!

Vanquished Creatures
  2 dart slugs
  2 endoplasms
  2 giant cockroaches (D:1)
  A goblin (D:1)
  A hobgoblin (D:1)
  3 kobolds (D:1)
  2 quokkas (D:1)
  2 ball pythons (D:1)
  2 bats (D:1)
  2 rats (D:1)
19 creatures vanquished.

Notes
Turn   | Place    | Note
-------+----------+-------------------------------------------
     0 | D:1      | avis the Felid Shapeshifter began the quest for the Orb.
     0 | D:1      | Reached XP level 1. HP: 9/9 MP: 2/2
   213 | D:1      | Reached XP level 2. HP: 13/13 MP: 3/3
   953 | D:2      | Noticed Natasha
   954 | D:2      | Killed from afar by Natasha
  1005 | D:$      | Got out of the dungeon alive.

Illustrated notes

Levels and vault maps discovered:
D:1:      ebering_trefoil_3fold, layout_basic
D:2:      layout_basic, basic_altar, kennysheep_jessica_study, uniq_jessica,
          uniq_natasha

Skill      XL: |  1  2 |
---------------+-------+-----
Fighting       | 2 |  2.4
Dodging        | 3 |  3.0
Unarmed Combat | |  3.0
Shapeshifting  | |  3.5

Action                     || total
---------------------------++-------
  Melee: Unarmed           ||    42
         Punch             ||     3
         Bite              ||     1
   Stab: Sleeping          ||     2
 Armour: Skin              ||    12
  Dodge: Dodged            ||    33

Table legend: (Time is in decaauts)
 A = Elapsed time spent in this place.
 B = Non-inter-level travel time spent in this place.
 C = Inter-level travel time spent in this place.
 D = Time resting spent in this place.
 E = Time spent auto-exploring this place.
 F = Levels seen in this place.
 G = Mean time per level.
                   A        B        C        D        E       F      G
               +--------+--------+--------+--------+--------+-----+--------+
         Total |    819 |    698 |    121 |      4 |    398 |   2 |  409.5 |
       Dungeon |    819 |    698 |    121 |      4 |    398 |   2 |  409.5 |
               +--------+--------+--------+--------+--------+-----+--------+

Top non-repeatable levels by time:
     D:1: 777 daAuts
     D:2: 42 daAuts
